 Dungeon Crawl Stone Soup version 0.28-a0-1234-g826d19b2e0 (webtiles) character file.

Game seed: 14181302841006044402

16 bearlyready the Ruffian (level 2, -1/25 HPs)
             Began as a Naga Transmuter on Dec 23, 2021.
             Slain by an adder (3 damage)
             ... on level 2 of the Dungeon.
             The game lasted 00:00:49 (1504 turns).

bearlyready the Ruffian (Naga Transmuter)           Turns: 1504, Time: 00:00:50

Health: -1/25      AC:  1    Str: 12    XL:     2   Next: 58%
Magic:  5/5        EV:  9    Int: 13    God:
Gold:   26         SH:  0    Dex: 11    Spells: 4/5 levels left

rFire   . . .      SeeInvis +     - Unarmed
rCold   . . .      Faith    .   (no shield)
rNeg    . . .      Spirit   .   a - +0 robe
rPois   +          Reflect  .   (helmet currently unavailable)
rElec   .          Harm     .   (no cloak)
rCorr   .          Rampage  .   (no gloves)
Will    .....                   (no barding)
Stlth   +.........              (no amulet)
HPRegen 0.08/turn               (no ring)
MPRegen 0.09/turn               (no ring)

@: confused, lethally poisoned (-1 -> -10), short of breath, appendages,
ambrosia-drunk, very slow
A: horns 2, AC +0, large, see invisible, deformed body, poison resistance,
slowness 2, spit poison 1, naga tail 1
a: Spit Poison, End Transformation


You were on level 2 of the Dungeon.
You had temporarily grown beastly horns.
You visited 1 branch of the dungeon, and saw 2 of its levels.

You collected 26 gold pieces.

Inventory:

Missiles
 e - 24 bolts
Armour
 a - a +0 robe (worn)
Scrolls
 d - a scroll of immolation {unknown}
Potions
 c - a potion of brilliance {unknown}


   Skills:
 - Level 1.0 Fighting
 - Level 1.5 Dodging
 + Level 3.4 Unarmed Combat
 - Level 2.0 Spellcasting
 + Level 2.6 Transmutations


You had 4 spell levels left.
You knew the following spells:

 Your Spells              Type           Power      Damage    Failure   Level
a - Beastly Appendage     Tmut           16%        N/A       9%          1

Your spell library contained the following spells:

 Spells                   Type           Power      Damage    Failure   Level
 Wereblood                Tmut           8%         N/A       13%         2
 Spider Form              Tmut/Pois      4%         N/A       41%         3
 Ice Form                 Ice/Tmut       4%         N/A       83%         4


Dungeon Overview and Level Annotations

Branches:
Dungeon (2/15)

Altars:


Innate Abilities, Weirdness & Mutations

You have temporarily grown beastly horns.
Your serpentine skin is tough. (AC +0)
You have supernaturally acute eyesight. (SInv)
Armour fits poorly on your strangely shaped body.
Your system is resistant to poisons. (rPois)
You cover ground very slowly.
You can spit poison.
You have a snake-like lower body.


Message History

You hit the jackal but do no damage.
The jackal is severely wounded.
The hobgoblin closely misses you. The jackal bites you.
You are too injured to fight recklessly!
You are too injured to fight recklessly!
You are too injured to fight recklessly!
There are monsters nearby!
The jackal bites you.
You closely miss the jackal.
The jackal is severely wounded.
The jackal bites you. The jackal barely misses you.
You closely miss the jackal.
The jackal is severely wounded.
The jackal closely misses you.
You barely miss the jackal.
The jackal is severely wounded.
The jackal bites you.
Aiming: Spit Poison (2% risk of failure)
Press: ? - help, Shift-Dir - straight line, f - adder
Aim: an adder The splash of poison hits the jackal.
You kill the jackal!
The adder bites you.
Casting: Beastly Appendage (safe; 9% risk of failure)
Confirm with . or Enter, or press ? or * to list all spells.
You grow a pair of large bovine horns.
The adder bites you.
* * * LOW HITPOINT WARNING * * *
You are lethally poisoned!
The adder poisons you!
You hit the adder but do no damage.
* * * LOW HITPOINT WARNING * * *
You feel sick. The adder bites you.
* * * LOW HITPOINT WARNING * * *
It was a potion of ambrosia.
You are confused.
You feel invigorated.
You feel sick. The adder bites you.
* * * LOW HITPOINT WARNING * * *
You are more poisoned.
The adder poisons you! The adder bites you.
You die...

##....... ###
##......... .S.#
##..........
#..##...........
#...............
#.............#
#.....g#......#
#....#S#......#
#... #@.......#
#.# ###......# #
#......#
#......#####
#...)......#
#..........#
##..........##
...............#
####......†#####


You could see an adder and a hobgoblin.

Vanquished Creatures
  A bat (D:1)
  An endoplasm (D:1)
  2 giant cockroaches
  A goblin (D:1)
  A jackal (D:2)
  3 kobolds
  2 ball pythons
  2 frilled lizards (D:1)
  2 rats
15 creatures vanquished.

Notes
Turn   | Place    | Note
-------+----------+-------------------------------------------
     0 | D:1      | bearlyready the Naga Transmuter began the quest for the
                  | Orb.
     0 | D:1      | Reached XP level 1. HP: 18/18 MP: 3/3
   541 | D:1      | Reached XP level 2. HP: 5/25 MP: 5/5
  1503 | D:2      | HP: 1/25 [adder (2)]
  1504 | D:2      | Slain by an adder

Illustrated notes

Levels and vault maps discovered:
D:1:      denvon_arrival_planthouse, layout_basic, bh_walls_and_bars
D:2:      layout_rooms, shapermc_ecumenical_altar_starsandcircs,
          kennysheep_minor_cross, corexii_corridor_pit, corexii_hall_statues_l,
          chequers_serial_rivers_micro_c, supply_closet_lemuel,
          hex_intersection, minivault_27

Action                   || total
-------------------------++-------
Melee: Unarmed           ||    62
       Punch             ||     1
 Cast: Beastly Appendage ||     1
 Abil: Spit Poison       ||     5
  Use: Potion            ||     1
Armor: Robe              ||    12
Dodge: Dodged            ||    29

Table legend: (Time is in decaauts)
 A = Elapsed time spent in this place.
 B = Non-inter-level travel time spent in this place.
 C = Inter-level travel time spent in this place.
 D = Time resting spent in this place.
 E = Time spent auto-exploring this place.
 F = Levels seen in this place.
 G = Mean time per level.
                   A        B        C        D        E       F      G
               +--------+--------+--------+--------+--------+-----+--------+
         Total |   1770 |   1761 |      9 |      0 |   1616 |   2 |  885.0 |
       Dungeon |   1770 |   1761 |      9 |      0 |   1616 |   2 |  885.0 |
               +--------+--------+--------+--------+--------+-----+--------+

Top non-repeatable levels by time:
     D:1: 1641 daAuts
     D:2: 129 daAuts
